 Dungeon Crawl Stone Soup version 0.27.1-33-g824d729ab1 (webtiles) character file.

Game seed: 7607141657928110546

7560 DemonSlayer the Cleaver (level 11, -12/68 HPs)
             Began as a Tengu Berserker on Nov 30, 2021.
             Was an Elder of Trog.
             Mangled by a cane toad (15 damage)
             ... on level 8 of the Dungeon.
             The game lasted 00:17:39 (10447 turns).

DemonSlayer the Cleaver (Tengu Berserker)          Turns: 10447, Time: 00:17:39

Health: -12/68     AC: 16    Str: 20    XL:     11   Next: 17%
Magic:  12/12      EV:  9    Int:  7    God:    Trog [****..]
Gold:   630        SH:  0    Dex: 15    Spells: 10/10 levels left

rFire    . . .     SeeInvis .   j - +0 broad axe (flame)
rCold    + . .     Faith    .   (no shield)
rNeg     . . .     Spirit   .   i - +1 plate armour {rPois}
rPois    +         Reflect  .   (helmet restricted)
rElec    .         Harm     .   A - +0 cloak
rCorr    .         Rampage  .   (no gloves)
Will     +....                  (boots unavailable)
Stlth    ..........             (no amulet)
HPRegen  0.21/turn              l - ring of protection from cold
MPRegen  0.13/turn              y - ring of willpower

@: on berserk cooldown, flying quickly and evasively, slowed, very slow
A: beak, talons 3, nimble flight
a: Renounce Religion, Berserk, Trog's Hand, Brothers in Arms


You were on level 8 of the Dungeon.
You worshipped Trog.
Trog was greatly pleased with you.
You visited 2 branches of the dungeon, and saw 9 of its levels.
You also visited: Bailey.

You collected 630 gold pieces.

Inventory:

Hand Weapons
 j - a +0 broad axe of flaming (weapon)
Missiles
 c - 59 boomerangs (quivered)
 d - a throwing net
Armour
 i - a +1 plate armour of poison resistance (worn)
 A - a +0 cloak (worn)
Jewellery
 l - a ring of protection from cold (left hand)
 y - a ring of willpower (right hand)
 z - a ring of protection from fire
Wands
 n - a wand of flame (21)
 t - a wand of acid (10)
Scrolls
 a - 3 scrolls of magic mapping
 e - 3 scrolls of blinking
 q - 2 scrolls of enchant weapon {unknown}
 r - 3 scrolls of teleportation
 s - 2 scrolls of noise {unknown}
 v - 2 scrolls of amnesia {unknown}
 w - a scroll of vulnerability
Potions
 b - a potion of haste {unknown}
 f - 3 potions of heal wounds {unknown}
 h - 2 potions of brilliance {unknown}
 k - a potion of mutation {unknown}
 m - 2 potions of invisibility {unknown}
 o - a potion of ambrosia {unknown}
 p - a potion of lignification {unknown}
 u - a potion of attraction {unknown}
 x - 2 potions of berserk rage {unknown}


   Skills:
 + Level 7.9 Fighting
 + Level 11.7 Axes
 + Level 6.6 Throwing
 + Level 9.4 Armour
 + Level 4.0 Dodging
 + Level 1.1 Stealth


You had 10 spell levels left.
You didn't know any spells.
Your spell library was empty.

Dungeon Overview and Level Annotations

Branches:
Dungeon (8/15)             Temple (0/1) D:6            Lair (1/6) D:8
 Bailey (visited)

Altars:
Cheibriados
Gozag
Nemelex Xobeh
Trog
Yredelemnul

Shops:
D:4 =   D:6 :


Innate Abilities, Weirdness & Mutations

You have a beak for a mouth.
You have claws for feet.
Your magical nature lets you fly swiftly and evasively.


Message History

Unknown command.
You completely miss the water moccasin. You claw the water moccasin!!
The water moccasin is almost dead.
The water moccasin closely misses you.
You barely miss the water moccasin. Your peck misses the water moccasin.
The water moccasin is almost dead.
You hit the cane toad. You burn the cane toad.
The cane toad stings you but does no damage.
The water moccasin bites you but does no damage.
You closely miss the water moccasin. Your kick misses the water moccasin.
The water moccasin is almost dead.
You hit the cane toad. You burn the cane toad. The water moccasin bites you.
* * * LOW HITPOINT WARNING * * *
You slash the water moccasin! You burn the water moccasin.
You kill the water moccasin!
Trog accepts your kill.
You hit the cane toad but do no damage. The cane toad closely misses you.
The cane toad stings you but does no damage.
You fly upwards.
Welcome back to the Dungeon!
You feel a strong urge to attack something.
You are no longer berserk.
You are exhausted.
You feel yourself slow down.
There is a staircase to the Lair here.
You slash the cane toad! You burn the cane toad!
The cane toad is severely wounded.
The cane toad closely misses you. x2
You closely miss the cane toad.
You claw the cane toad, but do no damage.
Your peck misses the cane toad.
The cane toad is severely wounded.
The cane toad stings you but does no damage. x2
You barely miss the cane toad. You claw the cane toad.
The cane toad is almost dead.
The cane toad stings you!
* * * LOW HITPOINT WARNING * * *
You barely miss the cane toad. You claw the cane toad.
The cane toad is almost dead.
The cane toad stings you!
You die...

.....##....###...##
...###<....##....P##
.####......#....PPP#
...........#....PPP#
....#..#.......PPPP#
.####..##......PPPP#
..# ##.###......PPP#
..###..####..PPĂ·..P#
........###.PPP.@.P#
..#<###....#P.P.F.P#
.#### ##...#.PPPPPP#
########...##PPPPP##
..##.#.#...#########
...................##
#######.............#
.### #.............#
...####.........#...#


You could see a cane toad.

Vanquished Creatures
  A hydra (Lair:1)
  Harold (Lair:1)
  The ghost of bronco the Ducker, a novice KoGl of Yredelemnul (D:6)
  2 black mambas (Lair:1)
  2 cane toads (Lair:1)
  4 komodo dragons
  A blink frog (D:8)
  Eustachio (D:5)
  Menkaure (D:5)
  7 water moccasins
  4 orc warriors (Bailey)
  5 sky beasts
  2 black bears
  3 ogres
  A centaur (D:7)
  A kobold brigand (D:7)
  2 bullfrogs
  A scorpion (D:5)
  4 wights (D:8)
  A bullfrog zombie (D:7)
  2 centaur zombies
  2 centaur skeletons
  2 hounds
  A gnoll shaman (D:7)
  4 iguanas
  3 orc wizards
  A killer bee zombie (D:8)
  A hound skeleton (D:4)
  2 howler monkey zombies
  10 gnolls
  3 adders
  A shadow imp (D:5)
  An ufetubus (D:5)
  An adder skeleton (D:4)
  A worm (D:3)
  A dart slug (D:5)
  21 orcs
  8 bats
  3 endoplasms
  A giant cockroach (D:2)
  9 hobgoblins
  4 jackals (D:4)
  A quokka (D:2)
  2 ball pythons
  3 frilled lizards
  11 goblins
  24 kobolds
  6 rats
174 creatures vanquished.

Vanquished Creatures (others)
  An orc (D:5)
  7 fungi (Lair:1)
  13 plants
21 creatures vanquished.

Grand Total: 195 creatures vanquished

Notes
Turn   | Place    | Note
-------+----------+-------------------------------------------
     0 | D:1      | DemonSlayer the Tengu Berserker began the quest for the
                  | Orb.
     0 | D:1      | Reached XP level 1. HP: 14/14 MP: 2/2
   530 | D:1      | Reached XP level 2. HP: 19/19 MP: 3/3
  1171 | D:5      | Entered Level 5 of the Dungeon
  1258 | D:5      | Reached skill level 4 in Axes
  1258 | D:5      | Reached XP level 3. HP: 5/23 MP: 4/4
  1538 | D:6      | Found a staircase to the Ecumenical Temple.
  1553 | D:6      | Reached XP level 4. HP: 23/28 MP: 5/5
  1694 | D:6      | Noticed a water moccasin
  1698 | D:6      | Killed a water moccasin
  1699 | D:6      | Gained mutation: Your magical nature lets you fly swiftly
                  | and evasively. [Tengu growth]
  1699 | D:6      | Reached XP level 5. HP: 33/33 MP: 6/6
  1735 | D:6      | Reached ** piety under Trog
  1768 | D:6      | Noticed an ogre
  1771 | D:6      | Killed an ogre
  1772 | D:6      | Reached skill level 5 in Axes
  1772 | D:6      | Reached XP level 6. HP: 39/39 MP: 7/7
  2248 | D:7      | Found a flagged portal.
  2248 | D:7      | Noticed a water moccasin
  2254 | D:7      | Killed a water moccasin
  2255 | D:7      | Reached XP level 7. HP: 44/44 MP: 8/8
  2304 | Bailey   | Entered a bailey
  2452 | Bailey   | Reached skill level 1 in Throwing
  2762 | Bailey   | Reached skill level 6 in Axes
  3040 | Bailey   | Reached XP level 8. HP: 33/48 MP: 9/9
  3293 | D:7      | Reached *** piety under Trog
  3294 | D:7      | Reached skill level 5 in Fighting
  3297 | D:7      | Reached skill level 5 in Throwing
  3297 | D:7      | Reached skill level 5 in Armour
  3669 | D:7      | Reached skill level 7 in Axes
  3782 | D:7      | Found a snail-covered altar of Cheibriados.
  3782 | D:7      | Found a sparkling altar of Nemelex Xobeh.
  3842 | D:7      | Reached XP level 9. HP: 54/54 MP: 10/10
  4217 | D:6      | Found a runed translucent door.
  4218 | D:6      | Noticed bronco's ghost (novice KoGl)
  4316 | D:6      | Found Huqih's Book Boutique.
  4485 | D:6      | Killed bronco's ghost
  4486 | D:6      | Reached skill level 8 in Axes
  5515 | D:5      | Noticed Eustachio
  5528 | D:5      | Killed Eustachio
  5947 | D:5      | Noticed Menkaure
  5951 | D:5      | Killed Menkaure
  5952 | D:5      | Reached skill level 9 in Axes
  7109 | D:4      | Found Boinkita's Jewellery Shoppe.
  7475 | D:3      | Reached skill level 1 in Stealth
  7620 | D:3      | Reached **** piety under Trog
  7708 | D:3      | Found a bloodstained altar of Trog.
  7723 | D:3      | Found an opulent altar of Gozag.
  8122 | D:2      | Found a faded altar of an unknown god.
  8916 | D:8      | Reached XP level 10. HP: 47/61 MP: 11/11
  9113 | D:8      | Found a staircase to the Lair.
  9494 | D:8      | Found a basalt altar of Yredelemnul.
  9683 | Lair:1   | Entered Level 1 of the Lair of Beasts
  9683 | Lair:1   | Noticed a black mamba
  9683 | Lair:1   | Noticed a black mamba
  9683 | Lair:1   | Noticed Harold
  9691 | Lair:1   | Killed Harold
  9692 | Lair:1   | Reached skill level 10 in Axes
  9697 | Lair:1   | Killed a black mamba
  9702 | Lair:1   | Killed a black mamba
 10010 | Lair:1   | Noticed a cane toad
 10024 | Lair:1   | Killed a cane toad
 10026 | Lair:1   | Noticed a seven-headed hydra
 10036 | Lair:1   | Killed a three-headed hydra
 10037 | Lair:1   | Reached skill level 11 in Axes
 10040 | Lair:1   | Noticed a cane toad
 10044 | Lair:1   | Reached XP level 11. HP: 6/67 MP: 12/12
 10429 | Lair:1   | Noticed a five-headed hydra
 10446 | D:8      | HP: 3/68 [cane toad (13)]
 10447 | D:8      | Mangled by a cane toad

Illustrated notes

Levels and vault maps discovered:
D:1:      dpeg_arrival_rooms_c, layout_basic, solitary_fountain,
          hangedman_glass_teeth
D:2:      layout_loops_ring, ebering_ecumenical_altar_mist
D:3:      layout_basic, mainiacjoe_overflow_swirl,
          corexii_item_surrounded_by_moat
D:4:      layout_layer_cave, serial_shops, shop
D:5:      layout_basic, minivault_11, uniq_menkaure, uniq_eustachio
D:6:      layout_rooms, minmay_temple_entry_mist, gammafunk_ghost_grave,
          serial_shops, shop_statue, minivault_19
D:7:      layout_rooms, gammafunk_temple_overflow_elements, enter_bailey_5
D:8:      layout_cave_pools, nicolae_overflow_hidden_temple, david_lair_shrubbed
Lair:1:   layout_loops_ring, cheibrodos_lair_reptile_den,
          minmay_lair_oklob_chamber, uniq_harold

Skill      XL: |  1  2  3  4  5  6  7  8  9 10 11 |
---------------+----------------------------------+-----
Axes           | 4 5 6 7 9 11 | 11.7
Armour         | 3 4 5 7 9 |  9.4
Fighting       | 4 5 6 7 |  7.9
Dodging        | 3 4 |  4.0
Throwing       | 3 6 |  6.6
Stealth        | 1 |  1.1

Action                   |  1- 3 |  4- 6 |  7- 9 | 10-12 || total
-------------------------+-------+-------+-------+-------++-------
Melee: Hand axe          |    49 |    22 |    15 |       ||    86
       Kick              |    11 |     9 |    71 |    24 ||   115
       Peck              |     3 |     5 |    43 |     8 ||    59
       Broad axe         |       |       |   229 |    62 ||   291
Throw: Boomerang         |       |       |   170 |       ||   170
Invok: Berserk           |     2 |     4 |     8 |     4 ||    18
       Trog's Hand       |       |       |     1 |       ||     1
  Use: Scroll            |       |     1 |       |     6 ||     7
Armor: Scale mail        |    18 |    12 |       |       ||    30
       Animal skin       |     1 |       |       |       ||     1
       Chain mail        |       |     3 |    27 |       ||    30
       Plate armour      |       |       |   161 |    47 ||   208
Dodge: Dodged            |    28 |    20 |   111 |    38 ||   197
